[Event "Championnat d'Europe Rapide"]
[Date "2024.12.08"]
[White "Narva, Mai"]
[Black "Tweedie, Steven"]
[WhiteElo "2413"]
[BlackElo "2172"]
[Round "10.48"]
[Result "1/2-1/2"]
[TimeControl "900+10"]

1. e4 e5 2.
Nf3 Nc6 3.
Bc4 Nf6 4.
d3 Bc5 5.
Nc3 d6 6.
Na4 Bb6 7.
Nxb6 axb6 8.
a4 Be6 9.
Bxe6 fxe6 10. O-O O-O 11. Re1 Qe8 12. c3 Nh5 13. d4 Rd8 14. Bg5 Rd7 15. dxe5 dxe5 16. Qe2 Qg6 17. Rad1 Rxd1 18. Rxd1 Rxf3 19. Qxf3 Qxg5 20. b4 Nf6 21. b5 Ne7 22. Rd8+ Kf7 23. g3 Qg6 24. Rd7 Qxe4 25. Qxe4 Nxe4 26. Rxc7 Ke8 27. Rxb7 Nxc3 28. Rxb6 Nxa4 29. Rxe6 Kd7 30. Rxe5 Kd6 31. f4 Nd5 32. Rg5 g6 33. f5 gxf5 34. Rxf5 Nac3 35. Rf7 Nxb5 36.
Rxh7 Nd4 37.
h4 Nf6 38.
Ra7 Ke6 39.
Kg2 Kf5 40.
Kh3 Ne6 41.
Ra6 Ng7 42.
g4+ Nxg4 43.
Ra5+ Ne5 44.
Rb5 Nh5 1/2-1/2

[Site "Europe Echecs"]

[Event "Championnat d'Europe Rapide"]
[Date "2024.12.08"]
[White "Stanojoski, Zvonko"]
[Black "Avramidou, Anastasia"]
[WhiteElo "2401"]
[BlackElo "2298"]
[Round "10.49"]
[Result "1/2-1/2"]
[TimeControl "900+10"]

1. e4 c5 2.
Nf3 d6 3. d4 cxd4 4. Nxd4 Nf6 5. Nc3 a6 6. Be2 e5 7. Nb3 Be7 8. O-O O-O 9. a4 Be6 10. Bf3 Nc6 11. Be3 Rc8 12. Re1 Nb4 13. a5 d5 14. Bb6 Qd7 15. exd5 Nbxd5 16.
Nxd5 Nxd5 17. Rxe5 Nxb6 18. axb6 Qxd1+ 19. Rxd1 Rxc2 20. Nd4 Rxb2 21. Nxe6 fxe6 22. Rxe6 Bc5 23. h3 Rxb6 24. Rxb6 Bxb6 25. Rd7 a5 26. Rxb7 Bc5 27. Rb5 Bb4 28. Bd5+ Kh8 29. g3 Be1 30. Rb2 a4 31. Re2 Bb4 32. f4 1/2-1/2

[Site "Europe Echecs"]

[Event "Championnat d'Europe Rapide"]
[Date "2024.12.08"]
[White "Redzisz, Michal"]
[Black "Tsolakidou, Stavroula"]
[WhiteElo "2263"]
[BlackElo "2451"]
[Round "10.50"]
[Result "1/2-1/2"]
[TimeControl "900+10"]

1. e4 e6 2.
d4 d5 3.
exd5 exd5 4.
Bf4 Nf6 5.
Nc3 c6 6.
Qd2 Bb4 7.
f3 O-O 8.
O-O-O a5 9.
g4 a4 10. a3 Ba5 11. Qd3 b5 12. Na2 Na6 13. Bd2 Bxd2+ 14.
Qxd2 Qd6 15.
Bd3 Rb8 16.
Nb4 Nxb4 17.
Qxb4 Qf4+ 18. Qd2 Qd6 19. Qb4 Qf4+ 20. Qd2 Qd6 1/2-1/2

[Site "Europe Echecs"]

[Event "Championnat d'Europe Rapide"]
[Date "2024.12.08"]
[White "Pipiras, Filipa Fortuna"]
[Black "Brunner, Nicolas"]
[WhiteElo "2178"]
[BlackElo "2413"]
[Round "10.51"]
[Result "0-1"]
[TimeControl "900+10"]

1. d4 d5 2.
c4 e6 3. Nf3 Nf6 4. g3 dxc4 5. Bg2 Bb4+ 6. Bd2 a5 7. Qc2 Bxd2+ 8.
Qxd2 c6 9.
a4 Ne4 10.
Qc1 Nd6 11.
Ne5 Qb6 12.
Qc3 f6 13.
Nf3 c5 14.
Nbd2 Nc6 15.
Nxc4 Nxc4 16. Qxc4 cxd4 17. O-O O-O 18. Rfd1 Rd8 19. Qb5 Qc7 20. Qc4 Qb6 21. Qb5 Qa7 22. e3 e5 23. exd4 exd4 24. Qc4+ Kh8 25. Re1 Bg4 26. Qb5 d3 27. Nd2 Nd4 28. Qxb7 Ne2+ 29. Kf1 Qxb7 30. Bxb7 Rab8 31. Bg2 Rxb2 32. Nc4 Rb4 33. Ne3 Be6 34. Red1 Nc3 35. Rd2 Rxa4 36. Rxa4 Nxa4 37. Bc6 Nc5 38. Nd1 a4 39. Nc3 a3 40. Rd1 d2 41. Bb5 Bb3 42. Ra1 d1=Q+ 43. Nxd1 Rxd1+ 44. Rxd1 Bxd1 45. Bc4 Bb3 0-1

[Site "Europe Echecs"]

[Event "Championnat d'Europe Rapide"]
[Date "2024.12.08"]
[White "Mueller, Magnus"]
[Black "Popovic, Milos T"]
[WhiteElo "2166"]
[BlackElo "2334"]
[Round "10.52"]
[Result "1/2-1/2"]
[TimeControl "900+10"]

1. e4 c5 2.
Nf3 Nc6 3.
Bb5 e5 4.
O-O Nge7 5.
c3 g6 6.
Bxc6 Nxc6 7.
d4 cxd4 8.
cxd4 exd4 9.
Nxd4 Bg7 10.
Nb5 O-O 11.
Nd6 b6 12.
Nc3 a5 13.
Bf4 Ba6 14.
Re1 Nb4 15.
Re3 Qf6 16.
Bg3 Qd4 17.
Qb3 Bd3 18.
a3 Nc2 19.
Rxd3 Qxd3 20. Rd1 Nd4 21. Qd5 Ne2+ 22. Nxe2 Qxe2 23. Nxf7 Rxf7 24.
Qxa8+ Bf8 25. Rf1 Qxb2 26. Bd6 Qd4 27. Bxf8 Rxf8 28. Qb7 Re8 29. Qd5+ Qxd5 30. exd5 Re5 31. Rd1 Kf7 32. f4 Re4 33. g3 Ra4 34. Rb1 Rxa3 35. Rxb6 Rd3 36.
Rb5 a4 37.
Ra5 a3 38. Kf2 Ke7 39. Ra6 Rb3 40. g4 Rh3 41. Kg2 Rd3 42. h4 Kf7 43. Ra7 Ke8 44. Ra8+ Ke7 45. Ra6 1/2-1/2

[Site "Europe Echecs"]

[Event "Championnat d'Europe Rapide"]
[Date "2024.12.08"]
[White "Siekanska, Maria"]
[Black "Djurovic, Peko"]
[WhiteElo "2080"]
[BlackElo "2253"]
[Round "10.53"]
[Result "1-0"]
[TimeControl "900+10"]

1. e4 c5 2.
Nf3 Nc6 3.
Bb5 e6 4.
Bxc6 bxc6 5.
d3 Ne7 6.
Nbd2 Ng6 7.
h4 h5 8. e5 Qc7 9. Qe2 f6 10. Nc4 Ba6 11. Qe4 Kf7 12. Bf4 Bxc4 13.
dxc4 Rb8 14. O-O-O Nxf4 15. Qxf4 Be7 16. g4 hxg4 17.
Qxg4 fxe5 18. Rxd7 Qb6 19. Nxe5+ Kg8 20. Qxe6+ Kh7 21. b3 1-0

[Site "Europe Echecs"]

[Event "Championnat d'Europe Rapide"]
[Date "2024.12.08"]
[White "Zlatkov, Anton"]
[Black "Ciolacu, Alessia-Mihaela"]
[WhiteElo "2324"]
[BlackElo "2124"]
[Round "10.54"]
[Result "1-0"]
[TimeControl "900+10"]

1. c4 c5 2.
Nf3 Nc6 3.
d4 cxd4 4.
Nxd4 Nf6 5.
Nc3 e6 6. g3 Bc5 7. Ndb5 O-O 8. Bg2 Qe7 9. Bf4 e5 10. Bg5 Bxf2+ 11.
Kf1 Bb6 12.
Nd5 Qe6 13.
Bxf6 Qf5+ 14. Bf3 gxf6 15. e4 Qg5 16. h4 Qh6 17. Nd6 Nd4 18. Ne7+ Kh8 19. Ndf5 Nxf5 20. Nxf5 Qg6 21. Qd6 Re8 22. Bh5 Re6 23. Bxg6 Rxd6 24. Nxd6 fxg6 25. Kg2 Kg7 26. Rhf1 Bd8 27. Rad1 b6 28. Nxc8 Rxc8 29. Rxd7+ Kf8 30. Rxh7 Rxc4 31. Rd1 Rc2+ 32. Kh3 Rc8 33. Rdd7 Kg8 34. Rdg7+ Kf8 35. Rxg6 1-0

[Site "Europe Echecs"]

[Event "Championnat d'Europe Rapide"]
[Date "2024.12.08"]
[White "Quparadze, Giga"]
[Black "Jobava, Baadur"]
[WhiteElo "2537"]
[BlackElo "2578"]
[Round "11.2"]
[Result "0-1"]
[TimeControl "900+10"]

1. e4 d6 2.
d4 Nf6 3.
Nc3 e5 4.
Nf3 Nbd7 5.
Bc4 Be7 6.
O-O O-O 7.
Re1 c6 8. a4 h6 9. h3 Re8 10. b3 Qc7 11. Bb2 Nf8 12. Bd3 Ng6 13. Ne2 Be6 14. Ng3 Rad8 15. Bf1 a5 16. Nh2 d5 17. exd5 Nxd5 18.
dxe5 Bb4 19.
Qf3 Bxe1 20.
Rxe1 Nb4 21.
Qe4 Bd5 22.
Qf5 Qd7 23.
c4 Be6 24.
Qe4 Qd2 25.
Rb1 Nd3 26.
Bxd3 Qxd3 27. Nf3 Qxb3 0-1

[Site "Europe Echecs"]

[Event "Championnat d'Europe Rapide"]
[Date "2024.12.08"]
[White "Sargissian, Gabriel"]
[Black "Dardha, Daniel"]
[WhiteElo "2628"]
[BlackElo "2639"]
[Round "11.3"]
[Result "1/2-1/2"]
[TimeControl "900+10"]

1. Nf3 d5 2.
g3 g6 3. Bg2 Bg7 4. d4 Nf6 5. O-O O-O 6. c4 dxc4 7. Na3 c5 8. dxc5 c3 9. Nb5 Na6 10. Nxc3 Nxc5 11. Be3 Nfe4 12.
Nxe4 Nxe4 13. Bd4 Bf5 14. Bxg7 Qxd1 15. Rfxd1 Kxg7 16. Nd4 Nd6 17. Rac1 1/2-1/2

[Site "Europe Echecs"]

[Event "Championnat d'Europe Rapide"]
[Date "2024.12.08"]
[White "Stojanovski, Dejan"]
[Black "Van Foreest, Jorden"]
[WhiteElo "2407"]
[BlackElo "2677"]
[Round "11.4"]
[Result "1/2-1/2"]
[TimeControl "900+10"]

1. d4 Nf6 2.
Nf3 d5 3. c3 Qd6 4. g3 c5 5. Bf4 Qb6 6. Qb3 Nc6 7. dxc5 Qxc5 8. Bg2 g6 9. O-O Bg7 10. Na3 O-O 11. Qb5 Qxb5 12.
Nxb5 a6 13.
Nbd4 Bd7 14.
Ne5 e6 15.
Nxd7 Nxd7 16. Nb3 f5 17. Rfd1 Rfd8 18. Bg5 Bf6 19. Bxf6 Nxf6 20. Nc5 Kf7 21. c4 b6 22. cxd5 exd5 23. Nd3 Rac8 24. Rac1 Ne7 25. Rxc8 Rxc8 26. Nb4 Ke6 27. Bf3 g5 28. Nd3 Rc4 29. Rc1 Kd6 30. e3 Nc6 31. Be2 b5 32. Kf1 Ne5 33. Rb1 Rc7 34. Nxe5 Kxe5 35. Bd3 g4 36. Ke2 Ne4 37. h3 h5 38. hxg4 hxg4 39. Bxe4 Kxe4 40. Rd1 Rc2+ 41. Rd2 Rxd2+ 42. Kxd2 d4 43. exd4 Kxd4 44. Kc2 a5 45. b3 a4 46. bxa4 bxa4 47. Kd2 Ke4 48. Ke2 a3 49. Kd2 Kd4 50. Kc2 Ke4 51. Kd2 f4 52. gxf4 Kxf4 53. Ke2 Ke4 54. Kd2 Kd4 55. Kc2 Ke5 56. Kd3 Kf4 57. Ke2 Ke4 58. Kd2 Kd4 59. Kc2 Kc4 60. Kd2 Kd4 61. Kc2 1/2-1/2

[Site "Europe Echecs"]

[Event "Championnat d'Europe Rapide"]
[Date "2024.12.08"]
[White "Motylev, Alexander"]
[Black "Saric, Ante"]
[WhiteElo "2596"]
[BlackElo "2482"]
[Round "11.5"]
[Result "1-0"]
[TimeControl "900+10"]

1. e4 c5 2.
Nf3 e6 3. d4 cxd4 4. Nxd4 a6 5. Bd3 Bc5 6. Nb3 Ba7 7. Nc3 Nc6 8. Qe2 d6 9. Be3 b5 10. O-O-O b4 11. Nb1 Nge7 12. N1d2 O-O 13. Kb1 a5 14. Nf3 a4 15. Nbd4 Nxd4 16. Nxd4 Bd7 17. h4 Qc7 18. h5 a3 19. h6 g6 20. Bc4 axb2 21. Bb3 d5 22. Qf3 Qe5 23. Rh4 f5 24. exd5 Nxd5 25. Bxd5 Qxd5 26. Qxd5 exd5 27. Kxb2 Rfe8 28. Nf3 Bxe3 29.
fxe3 Rxe3 30. Rxb4 Rea3 31. Rb7 Rxa2+ 32. Kc3 R2a7 33.
Rxa7 Rxa7 34. Rxd5 Kf8 35. Ng5 Be8 36. Kd4 Ra4+ 37. c4 Ke7 38. Re5+ Kd7 39. Nxh7 Bf7 40. Rc5 Ra8 41. Ng5 Bg8 42. Ke5 Ra2 43. Kf6 Rxg2 44. Kg7 Rxg5 45. Kxg8 Rh5 46. h7 Kd6 47. Rd5+ Ke6 48. h8=Q Rxh8+ 49. Kxh8 f4 50. Kg7 1-0

[Site "Europe Echecs"]

[Event "Championnat d'Europe Rapide"]
[Date "2024.12.08"]
[White "Dragnev, Valentin"]
[Black "Safarli, Eltaj"]
[WhiteElo "2563"]
[BlackElo "2610"]
[Round "11.6"]
[Result "0-1"]
[TimeControl "900+10"]

1. e4 c5 2.
Nf3 Nc6 3.
Bb5 d6 4.
O-O Bd7 5. Re1 Nf6 6. c3 a6 7. Bxc6 Bxc6 8. d4 Bxe4 9. Bg5 d5 10. Nbd2 Bxf3 11. Qxf3 cxd4 12.
Bxf6 gxf6 13. Qxf6 Rg8 14. Qxd4 Qd7 15. Qd3 O-O-O 16. Qxh7 Bg7 17. Nf3 e6 18. Rad1 Qc7 19. Re3 Bf6 20. Qd3 Be7 21. Re2 Bc5 22. Ne5 Rg5 23. Nf3 Rh5 24. Rde1 Rg8 25. Re5 Rhh8 26. R5e2 Qf4 27. b4 Qg4 28. g3 Qxg3+ 0-1

[Site "Europe Echecs"]

[Event "Championnat d'Europe Rapide"]
[Date "2024.12.08"]
[White "Georgiev, Kiril"]
[Black "Kadric, Denis"]
[WhiteElo "2537"]
[BlackElo "2544"]
[Round "11.7"]
[Result "1/2-1/2"]
[TimeControl "900+10"]

1. Nf3 d6 2. d4 Nf6 3. g3 Nbd7 4. c4 e5 5. Nc3 g6 6. Bg2 Bg7 7. O-O O-O 8. h3 Re8 9. dxe5 dxe5 10. Be3 c6 11. Qd2 Qe7 12. Rfd1 Nc5 13. Ng5 h6 14. Bxc5 Qxc5 15. Nge4 Nxe4 16. Nxe4 Qe7 17. Nd6 Rd8 18. Nxc8 Raxc8 19. Qe3 a6 20. Rab1 f5 21. Qb3 e4 22. e3 h5 23. h4 Be5 24. Bf1 Kg7 25. c5 Kh6 26. Bh3 Rc7 27. Rxd8 Qxd8 28. Rd1 Rd7 29. Rxd7 Qxd7 30. Bf1 Qg7 31. Bc4 Bxb2 32. Bf7 g5 33. Qe6+ Qf6 34. hxg5+ Kxg5 35. Qd7 h4 36. gxh4+ Kxh4 37. Be8 Qg7+ 38. Kf1 Qxd7 39. Bxd7 Kg5 40. Bc8 Ba3 41. Bxb7 a5 42. Bxc6 Bxc5 1/2-1/2

[Site "Europe Echecs"]

[Event "Championnat d'Europe Rapide"]
[Date "2024.12.08"]
[White "Janik, Igor"]
[Black "Bernadskiy, Vitaliy"]
[WhiteElo "2515"]
[BlackElo "2546"]
[Round "11.8"]
[Result "1-0"]
[TimeControl "900+10"]

1. e4 c5 2. Nf3 Nc6 3. Bb5 Nf6 4. Bxc6 dxc6 5. d3 h6 6. h3 g5 7. Bd2 Bg7 8. Bc3 Be6 9. Nbd2 Rg8 10. Qe2 Nh5 11. Bxg7 Nf4 12. Qf1 Rxg7 13. g3 Ng6 14. Qe2 Qb6 15. Nb3 O-O-O 16. O-O-O Rgg8 17.
Nfd2 Qa6 18.
a3 b6 19.
Qe3 Ne5 20.
d4 cxd4 21.
Nxd4 Bd7 22.
Qc3 c5 23.
N4f3 Nxf3 24. Qxf3 Be6 25. h4 Rd7 26. hxg5 hxg5 27. Nb1 Rxd1+ 28. Rxd1 g4 29. Qe3 Rd8 30. Rxd8+ Kxd8 31. Nc3 Qf1+ 32. Kd2 Kc8 33. Qf4 Qc4 34.
Qe3 Qf1 35. Nd1 Qb5 36. Kc1 a6 37. Nc3 Qf1+ 38. Kd2 Kd7 39. Qf4 Kc6 40. Nd5 Bxd5 41. exd5+ Kxd5 42. Qxf7+ e6 43. Qd7+ Ke5 44. Qc7+ Kd5 45. Qd7+ Ke5 46. Qg7+ Kd5 47. Qg5+ Kc6 48. Qf4 Qg2 49. Ke2 Qh3 50. Qe4+ Kd6 51. Qb7 Qh5 52. Qxb6+ Ke7 53. Qc7+ Kf6 54. Qf4+ Ke7 55. b3 a5 56. Qc7+ Kf6 57. Qxa5 Qe5+ 58. Kf1 Qd5 59. Qc3+ e5 60. Qd3 Qh1+ 61. Ke2 e4 62. Qd6+ Kf7 63. Qxc5 Qf3+ 64. Kd2 1-0

[Site "Europe Echecs"]

[Event "Championnat d'Europe Rapide"]
[Date "2024.12.08"]
[White "Muradli, Mahammad"]
[Black "Fridman, Daniel"]
[WhiteElo "2588"]
[BlackElo "2571"]
[Round "11.9"]
[Result "1-0"]
[TimeControl "900+10"]

1. Nf3 d5 2.
c4 e6 3. g3 Nf6 4. Bg2 c5 5. O-O Nc6 6. d4 dxc4 7. dxc5 Qxd1 8. Rxd1 Bxc5 9. Nbd2 c3 10. bxc3 O-O 11. Nb3 Be7 12. Nfd4 Bd7 13. Nxc6 Bxc6 14.
Bxc6 bxc6 15. Bg5 h6 16. Bxf6 Bxf6 17. Rac1 Rfd8 18. c4 Rab8 19. Rxd8+ Rxd8 20. c5 Kf8 21. Rc4 Ke8 22. Ra4 Rd7 23. e4 Kd8 24. Ra6 Rc7 25. Kf1 Kc8 26. Ke2 Be7 27. Ra4 Rd7 28. Ke3 e5 29. Ke2 Rb7 30. Ra6 Rc7 31. f3 h5 32. Kd3 Rd7+ 33. Kc2 Kb7 34. Ra4 f6 35. Rc4 Ka6 36. Rb4 Rd8 37. Ra4+ Kb7 38. Rb4+ Ka6 39. Ra4+ Kb7 40.
Na5+ Kc7 41.
Rb4 Rd7 42.
Rb7+ Kc8 43.
Rxd7 Kxd7 44. Nb3 g6 45. Kc3 f5 46. Kb4 f4 47. gxf4 exf4 48. h3 Bf6 49. Kc4 g5 50. Nc1 Ke6 51. Nd3 a5 52. Kb3 Bd8 53. Kc3 Bc7 54. Kd2 Kf6 55. Ke2 Bb8 56. Kf2 Be5 57. Kg2 Bd4 58. Kf1 Be3 59. Kg2 Ke6 60. Kf1 Kf6 61. Ke2 Ke6 62. Kd1 Kf6 63. a4 Ke6 64. Ke2 Kf6 65. Kf1 Ke6 66. Ke1 Kf6 67. Ke2 Ke6 68. Kf1 Bd2 69. Nb2 Bc3 70. Nc4 Kf6 71. Ke2 Bb4 72. Kd3 Ke6 73. Kd4 Be1 74. e5 g4 75. fxg4 hxg4 76. hxg4 f3 77. Ke3 f2 78. Ke2 Kd5 79.
g5 Ke6 80.
g6 Bb4 81.
Kxf2 Bxc5+ 82. Kf3 Bf8 83. Ke4 Bg7 84. Nxa5 Bxe5 85. Nxc6 Bh8 86. a5 Kd6 87. Nb4 Bc3 88. a6 1-0

[Site "Europe Echecs"]

[Event "Championnat d'Europe Rapide"]
[Date "2024.12.08"]
[White "Smeets, Jan"]
[Black "Boyer, Mahel"]
[WhiteElo "2552"]
[BlackElo "2526"]
[Round "11.10"]
[Result "0-1"]
[TimeControl "900+10"]

1. e4 g6 2. d4 Bg7 3. Nc3 d6 4. f4 Nf6 5. Nf3 O-O 6. Bd3 Nc6 7. O-O e5 8. d5 Nd4 9. f5 c6 10. Kh1 cxd5 11. Nxd4 dxe4 12. Nxe4 Nxe4 13. Bxe4 exd4 14. Qf3 Bxf5 15.
Bxf5 gxf5 16. Qxf5 Rc8 17. Bg5 Qc7 18. Rf2 Qc5 19. Qf4 Qe5 20. Qd2 f5 21. Re1 Rxc2 22. Qd1 Rxf2 23. Rxe5 dxe5 24. Qb3+ Kh8 25. Kg1 Re2 26. Kf1 d3 27. Qxd3 Rxb2 28. Qd7 Rc2 29. Be7 Rfc8 30. Bd8 h6 31. Qe8+ Kh7 32. Qd7 R8c6 33. Qxf5+ Kh8 34. h4 Rd2 0-1

[Site "Europe Echecs"]

[Event "Championnat d'Europe Rapide"]
[Date "2024.12.08"]
[White "Paichadze, Luka"]
[Black "Grigoriants, Sergey"]
[WhiteElo "2532"]
[BlackElo "2542"]
[Round "11.11"]
[Result "1-0"]
[TimeControl "900+10"]

1. e4 e6 2.
d4 d5 3. e5 c5 4. c3 Nc6 5. Nf3 Bd7 6. Be2 f6 7. O-O fxe5 8. Nxe5 Nxe5 9. dxe5 Qc7 10. f4 Ne7 11. Nd2 O-O-O 12.
Nf3 h6 13.
Bd3 Kb8 14.
Be3 Nc6 15.
Nh4 d4 16.
cxd4 cxd4 17. Bf2 g5 18. Ng6 Rg8 19. fxg5 hxg5 20. Nxf8 Rgxf8 21. Bg3 Nb4 22. Rxf8 Rxf8 23. Qd2 Nxd3 24. Qxd3 Qb6 25. Rd1 Bb5 26. Qd2 Be2 27. Rc1 d3+ 28. Kh1 Qd4 29. h3 a6 30. Kh2 Rc8 31. Be1 Rg8 32. b3 g4 33. Rc4 Qd7 34. h4 g3+ 35. Kh3 Qf7 36. Qf4 Qg7 37. Rd4 Qc7 38. Bxg3 Qc3 39. Kh2 Bg4 40. Qe3 Bf5 41. Bf2 Qc6 42. g4 Rxg4 43. Rxg4 Bxg4 44. Qxd3 Kc8 45. Kg3 Bf5 46. Qe3 Kd7 47. Kf4 Qg2 48. Bg3 Qxa2 49. Kg5 Qc2 50. h5 Kc6 51. h6 Qd3 52. Qc1+ Kb5 53. Bf2 Qd8 54. Kf4 Qd5 55. Qe3 Kc6 56. Qb6+ Kd7 57. Qe3 Ke8 58. Qg3 Qe4+ 59. Kg5 Qb4 60. Kh5 Qf8 61. Be3 Qf7+ 62. Kh4 Qe7+ 63. Bg5 Qb4+ 64. Bf4 Qe7+ 65. Bg5 Qb4+ 66. Kh5 Qe4 67. Bf4 Qh1+ 68. Kg5 Kf7 69. Qc3 Qg2+ 70. Bg3 Qc6 71. Qd2 b6 72. Qd1 Qc7 73. Be1 Qe7+ 74. Kf4 Kg6 75. Qd4 Qg5+ 76. Kf3 Qh5+ 77. Kg3 Qg5+ 78. Kf2 Qxh6 79. Ke2 Qh5+ 80. Kd2 Qf3 81. Qe3 Qd5+ 82. Kc3 a5 83. Qg1+ Kf7 84. Qd4 Qf3+ 85. Kb2 Qe2+ 86. Bd2 Kg6 87. Qf4 Qd3 88. Ka3 Kf7 89. Qe3 Qb5 90. Qc3 Qd5 91. Be3 Kg6 92. Bxb6 Bd3 93. Bxa5 Kf5 94. Bc7 Qa8+ 95. Kb2 Qg2+ 96. Ka3 Qa8+ 97. Ba5 Qd5 98. Bb6 Qa8+ 99. Kb4 Qe4+ 100. Qd4 Qxd4+ 101.
Bxd4 Kg6 102. Kc5 Kf7 103. Kd6 Bf5 104. b4 Ke8 105. Bb6 Kf7 106. Bd8 Bd3 107. Bh4 Be2 108. Kc6 Bf3+ 109. Kc5 Be2 110. Kd6 Bf1 111. Kc6 Bg2+ 112. Kb6 Ke8 113. Kc7 Bf1 114. Kc6 Bg2+ 115. Kd6 Bf1 116. Kxe6 1-0

[Site "Europe Echecs"]

[Event "Championnat d'Europe Rapide"]
[Date "2024.12.08"]
[White "Lagarde, Maxime"]
[Black "Kazakouski, Valery"]
[WhiteElo "2600"]
[BlackElo "2567"]
[Round "11.12"]
[Result "1-0"]
[TimeControl "900+10"]

1. c4 c6 2.
Nf3 Nf6 3.
b3 d5 4. Bb2 Bg4 5. g3 e6 6. Bg2 Nbd7 7. O-O Be7 8. d3 O-O 9. Nbd2 a5 10. a3 Re8 11. Qc2 Qb8 12. h3 Bh5 13. e4 dxe4 14.
dxe4 Bxf3 15. Nxf3 e5 16. Rad1 Bc5 17. h4 Qc7 18. Bh3 Bf8 19. Kg2 Nc5 20. Rfe1 Qb6 21. Re3 Qc7 22. Bc3 b5 23. cxb5 cxb5 24. Qb2 Bd6 25. Qe2 Qc6 26. Nd2 Ne6 27. Bxe6 Rxe6 28. b4 axb4 29. Bxb4 Bxb4 30. axb4 Rd6 31. Nf3 Rxd1 32. Qxd1 Re8 33. Qd3 h6 34. Nd2 Ra8 35. Nb3 Ra3 36. Na5 Rxd3 37. Nxc6 Rxe3 38. fxe3 Nxe4 39. Nxe5 Kf8 40. Kf3 Nd6 41. e4 Ke7 42. Nc6+ Kd7 43. Nd4 f6 44. h5 Nc4 45. Nxb5 Ne5+ 46. Kf4 Nc6 47. Kf5 Ke7 48. Nc7 Kf7 49. b5 Ne7+ 50. Kf4 g5+ 51. Ke3 Nc8 52. Kd4 Ke7 53. Nd5+ Ke6 54. b6 Nd6 55. Ne3 Kd7 56. Nf5 Nf7 57. Kc5 g4 58. Kd5 [Site "Europe Echecs"]

[Event "Championnat d'Europe Rapide"]
[Date "2024.12.08"]
[White "Peyrer, Konstantin"]
[Black "Navara, David"]
[WhiteElo "2440"]
[BlackElo "2665"]
[Round "11.13"]
[Result "1/2-1/2"]
[TimeControl "900+10"]

1. d4 Nf6 2.
c4 e6 3. Nc3 Bb4 4. e3 O-O 5. a3 Bxc3+ 6.
bxc3 d6 7.
f3 c5 8. Bd3 Nc6 9. Ne2 e5 10. e4 b6 11. d5 Na5 12. Bg5 h6 13. Bh4 Ba6 14. Ng3 g5 15. Bxg5 hxg5 16. h4 Nh7 17. hxg5 Qxg5 18. Kf2 Bc8 19. Rh5 Qg6 20. Qh1 Nf6 21. Rh6 Qg5 22. Qh2 Kg7 23. Rh1 Rg8 24. Nh5+ Nxh5 25.
Rxh5 Qd2+ 26. Be2 Bd7 27. Qh4 Kf8 28. Rh8 Rxh8 29. Qxh8+ Ke7 30. Qxa8 Nxc4 31. Rh8 Qe3+ 32. Kg3 Qf4+ 33. Kf2 Qe3+ 34. Kg3 1/2-1/2

[Site "Europe Echecs"]

[Event "Championnat d'Europe Rapide"]
[Date "2024.12.08"]
[White "Horvath, Dominik"]
[Black "Santos Latasa, Jaime"]
[WhiteElo "2542"]
[BlackElo "2628"]
[Round "11.14"]
[Result "1/2-1/2"]
[TimeControl "900+10"]

1. Nf3 e6 2.
g3 b5 3. Bg2 Bb7 4. O-O Nf6 5. b3 b4 6. Bb2 Be7 7. d3 a5 8. c4 bxc3 9. Nxc3 O-O 10. Rc1 Na6 11. Na4 Nb4 12. a3 Na6 13. Qd2 Bd5 14. Ne5 Bxg2 15. Kxg2 Qb8 16. Qc3 Qb5 17. Nf3 Rfb8 18. Nd2 h6 19. e4 c5 20. d4 cxd4 21. Qxd4 d5 22. Nc3 Qb7 23. exd5 Nc7 24. Kg1 Ncxd5 25. Nxd5 Qxd5 26. Qxd5 Nxd5 27. Rc6 Bg5 28. f4 Bd8 29. Bd4 Be7 30. Bb2 Bd8 31. Bd4 Ne7 32. Rc4 Nf5 33. Bc5 h5 34. Rfc1 Bf6 35. R1c2 Rd8 36. b4 axb4 37.
axb4 Rab8 38. Ne4 Kh7 1/2-1/2

[Site "Europe Echecs"]

[Event "Championnat d'Europe Rapide"]
[Date "2024.12.08"]
[White "Bulmaga, Irina"]
[Black "Sarana, Alexey"]
[WhiteElo "2386"]
[BlackElo "2674"]
[Round "11.15"]
[Result "0-1"]
[TimeControl "900+10"]

1. e4 c5 2.
c3 d5 3.
exd5 Qxd5 4.
d4 Nf6 5.
Nf3 e6 6.
Na3 Nc6 7.
Be3 a6 8.
Nc4 cxd4 9.
Nxd4 Bc5 10.
Nxc6 Qxc6 11. Bxc5 Qxc5 12. Qd6 Qxd6 13. Nxd6+ Ke7 14. Nxc8+ Raxc8 15. Be2 Rhd8 16. Rd1 Ne4 17. Rxd8 Rxd8 18. Bf3 Nc5 19. Ke2 b6 20. Rd1 Na4 21. Bb7 Nxb2 22. Rxd8 Kxd8 23. Bxa6 Na4 24. Kd2 Ke7 25. Bd3 g6 26. Bb5 Nc5 27. Ke3 Kd6 28. Kd4 g5 29. Be2 f5 30. Kc4 g4 31. f3 h5 32. Kb5 Kc7 33. a4 Nb7 34. Kc4 Nd6+ 35. Kd4 Nf7 36. fxg4 hxg4 37. h4 Kd6 38. h5 e5+ 39. Kc4 g3 40. Kb5 Kc7 41. Kc4 Kd6 42. Kb5 e4 43. Bc4 Ng5 44. Kxb6 f4 45. a5 f3 46. Bf1 e3 47. a6 e2 48. Bxe2 fxg2 49. a7 g1=Q+ 50. Kb7 Qg2+ 51. Kb8 Qxe2 0-1

[Site "Europe Echecs"]

[Event "Championnat d'Europe Rapide"]
[Date "2024.12.08"]
[White "Kuzubov, Yuriy"]
[Black "Subelj, Jan"]
[WhiteElo "2595"]
[BlackElo "2526"]
[Round "11.16"]
[Result "1-0"]
[TimeControl "900+10"]

1. d4 Nf6 2.
Nf3 c6 3. c4 d5 4. Nc3 dxc4 5. a4 Bf5 6. Nh4 Bc8 7. e3 a5 8. Bxc4 Na6 9. O-O Nb4 10. e4 e6 11. Nf3 Be7 12. Bg5 b6 13. Qe2 h6 14. Bf4 Ba6 15. b3 O-O 16. Rfd1 Qc8 17. Ne5 Qb7 18. f3 Rfd8 19.
Rac1 Nd7 20.
Bxa6 Rxa6 21. Nc4 Nf8 22. Be3 Raa8 23. g3 Bf6 24. Kg2 Rac8 25. h4 h5 26. Bf4 Bxd4 27. Nd6 Rxd6 28. Bxd6 e5 29. f4 g6 30. fxe5 Ne6 31. Rf1 Re8 32. Qc4 c5 33. Nd5 Kg7 34. Rf3 Nc6 35. Nc7 Re7 36. Bxe7 Qxc7 37. Bd6 Qd7 38. Rcf1 Ned8 39. Qd5 Kg8 40. Rxf7 Nxf7 41. e6 Qxd6 42. exf7+ 1-0

[Site "Europe Echecs"]

[Event "Championnat d'Europe Rapide"]
[Date "2024.12.08"]
[White "Laurusas, Tomas"]
[Black "Samunenkov, Ihor"]
[WhiteElo "2578"]
[BlackElo "2543"]
[Round "11.17"]
[Result "1-0"]
[TimeControl "900+10"]

1. d4 Nf6 2.
c4 e6 3. Nf3 d5 4. Nc3 c6 5. e3 Nbd7 6. Be2 Bd6 7. O-O O-O 8. b3 b6 9. Bb2 Bb7 10. Bd3 Qe7 11. Re1 Rad8 12. Qe2 Rfe8 13.
Rad1 h6 14.
Qc2 c5 15.
cxd5 exd5 16. Ne2 Rc8 17. dxc5 Nxc5 18. Qb1 Nfe4 19. Bb5 Red8 20. Ned4 g6 21. Rc1 a6 22. Bf1 Kh7 23. Ba1 Nd7 24. Rxc8 Rxc8 25. Rc1 Re8 26. Rc2 Ndf6 27. h3 Bc5 28. Bb2 Rc8 29. Qc1 Re8 30. b4 Bd6 31. a3 Qd7 32. Bd3 Rc8 33. Rxc8 Qxc8 34. Qxc8 Bxc8 35. Nc6 Kg8 36. a4 Bd7 37. Nfe5 Bxe5 38. Nxe5 Bxa4 39. Bxa6 Ne8 40. Bd4 Nc7 41. Bb7 b5 42. Bc6 Bb3 43. Bb6 Na6 44. Ba5 Nd6 45. Nd7 Kg7 46. Nb6 Nc7 47. Nd7 Ne6 48. Bb6 Bc4 49. Ba7 Nc8 50. Bb8 f6 51. Bb7 Ne7 52. Bd6 Nf5 53. Bb8 Nd8 54. Ba8 d4 55. exd4 Nxd4 56. f3 N8c6 57. Bd6 Kf7 58. Bc5 g5 59. Kf2 h5 60. Nb6 Be6 61. Bb7 Ke8 62. g4 h4 63. Ba6 Bb3 64. Nc8 Kd7 65. Nd6 Ba4 66. Ne4 Ke6 67. Bc8+ Kf7 68. Bd7 Ne5 69. Nd6+ Kg8 70. Be8 Nec6 71. Nf5 Nxf5 72. gxf5 Ne5 73.
Ke3 Nc4+ 74.
Kd3 Kg7 75.
f4 gxf4 76.
Ke4 Ne5 77. Kxf4 Kg8 78. Bd6 Nf7 79. Bc5 Ne5 80. Bd6 Nf7 81. Bc7 Nh6 82. Bd7 Kg7 83. Bb6 Nf7 84. Bc6 Ne5 85. Be4 Bb3 86. Bd4 Nf7 87. Bf2 Nd6 88. Bb1 Bc4 89. Bxh4 Bf1 90. Kg4 Be2+ 91. Kf4 Bf1 92. Kg4 Be2+ 93. Kg3 Nc4 94. Kf2 Bd1 95. Bd3 Bh5 96. Bg3 Be8 97. Be4 Bd7 98. Bf4 Nb6 99. Ke3 Nc8 100. Bc7 Ne7 101. Kd4 Nxf5+ 102. Kc5 Nh4 103. Bg3 Ng6 104. h4 f5 105. Bd3 f4 106. Bf2 Kh6 107. Bxb5 Bf5 108. Kd6 Kh5 109. Be2+ Kh6 110. b5 Be4 111. b6 Nh8 112. Ke5 Bb7 113.
Kxf4 Ng6+ 114. Kf5 Ne7+ 115. Ke5 Kg6 116. Bd3+ Kh5 117. Be4 Ba6 118. Bf3 Kh6 119. Ke6 Ng6 120. Be3 Kg7 121. h5 Bc8+ 122. Kd6 Nh4 123. Be4 Kf6 124. Kc7 Ba6 125. h6 1-0

[Site "Europe Echecs"]

[Event "Championnat d'Europe Rapide"]
[Date "2024.12.08"]
[White "Kilic, Eray"]
[Black "Grigorov, Grigor"]
[WhiteElo "2459"]
[BlackElo "2497"]
[Round "11.18"]
[Result "1/2-1/2"]
[TimeControl "900+10"]

1. e4 c6 2.
Nc3 d5 3.
Nf3 dxe4 4.
Nxe4 Nf6 5.
Nxf6+ exf6 6. d4 Bd6 7.
Bd3 O-O 8.
O-O Re8 9.
h3 Nd7 10.
Re1 Rxe1+ 11. Qxe1 Nf8 12. c4 Be6 13. Be3 Qd7 14. Qf1 Ng6 15. Rd1 Bf5 16. d5 c5 17. b4 b6 18. bxc5 bxc5 19. Rb1 Nf4 20. Bxf4 Bxf4 21. Rb5 Bd6 22. Qb1 Bxd3 23. Qxd3 Re8 24. Rb2 g6 25. Re2 Rb8 26. Nd2 f5 27. g3 h5 28. Kg2 Qd8 29. h4 Qf6 30. Nb3 Kg7 31. f4 Rb4 32. Rc2 Qe7 33. Re2 Qf6 34. Rc2 Qe7 35. Kf3 Ra4 36. Qc3+ Qf6 37. Qe3 Ra3 38. Qc1 Ra4 39. Qe3 Ra3 40. Qc1 Ra4 41. Qe3 Ra3 1/2-1/2

[Site "Europe Echecs"]